 Dungeon Crawl Stone Soup version 0.28-a0-1435-g82390b3a13 (webtiles) character file.

Game seed: 11947143146101837508

430 gimp the Skirmisher (level 6, -1/40 HPs)
             Began as a Tengu Wanderer on Jan 9, 2022.
             Killed from afar by an orc wizard (14 damage)
             ... with a puff of flame
             ... on level 4 of the Dungeon.
             The game lasted 00:10:22 (5672 turns).

gimp the Skirmisher (Tengu Wanderer)                Turns: 5672, Time: 00:10:23

Health: -1/40      AC:  3    Str: 12    XL:     6   Next: 99%
Magic:  12/12      EV: 14    Int: 15    God:
Gold:   199        SH:  0    Dex: 13    Spells: 10/11 levels left

rFire   . . .      SeeInvis .   a - +0 short sword
rCold   . . .      Faith    .   (no shield)
rNeg    . . .      Spirit   .   j - +0 leather armour
rPois   .          Reflect  .   (helmet restricted)
rElec   .          Harm     .   (no cloak)
rCorr   .          Rampage  .   (no gloves)
Will    .....                   (boots unavailable)
Stlth   +.........              (no amulet)
HPRegen 0.13/turn               (no ring)
MPRegen 0.13/turn               (no ring)

@: flying quickly and evasively, quick
A: beak, talons 3, nimble flight
a: no special abilities


You were on level 4 of the Dungeon.
You visited 1 branch of the dungeon, and saw 5 of its levels.

You collected 199 gold pieces.

Inventory:

Hand Weapons
 a - a +0 short sword (weapon)
Missiles
 h - 38 poisoned darts (quivered)
Armour
 b - a +0 ring mail
 j - a +0 leather armour (worn)
 q - a +0 kite shield
Wands
 m - a wand of polymorph (7)
Scrolls
 c - 2 scrolls of identify
 d - a scroll of blinking {unknown}
 e - 2 scrolls of vulnerability {unknown}
 f - a scroll of holy word {unknown}
 g - a scroll of enchant armour {unknown}
 k - 2 scrolls of fog
 l - a scroll of amnesia {unknown}
 n - 2 scrolls of teleportation
Potions
 i - a potion of heal wounds
 o - a potion of curing
 p - a potion of haste {unknown}


   Skills:
 - Level 5.0 Fighting
 - Level 2.1 Short Blades
 * Level 2.3 Throwing
 - Level 2.1 Armour
 - Level 2.2 Dodging
 + Level 3.4 Spellcasting
 - Level 2.1 Hexes


You had 10 spell levels left.
You knew the following spells:

 Your Spells              Type           Power      Damage    Failure   Level
a - Slow                  Hex            36%        N/A       10%         1

Your spell library contained the following spells:

 Spells                   Type           Power      Damage    Failure   Level
 Confusing Touch          Hex            9%         N/A       30%         3
 Sublimation of Blood     Necr           2%         N/A       36%         2
 Wereblood                Tmut           2%         N/A       36%         2
 Summon Guardian Golem    Hex/Summ       5%         N/A       43%         3
 Summon Hydra             Summ           1%         N/A       100%        7


Dungeon Overview and Level Annotations

Branches:
Dungeon (5/15)
 Temple: D:4-7

Altars:


Innate Abilities, Weirdness & Mutations

You have a beak for a mouth.
You have claws for feet.
Your magical nature lets you fly swiftly and evasively.


Message History

Press: ? - help, Q - select action, (/) - cycle Shift-Dir - straight line You throw a poisoned dart.
Something hits you.
You take 1 damage, and have 13/40 hp.
Throw: 41 darts (poison)
Press: ? - help, Q - select action, (/) - cycle Shift-Dir - straight line You throw a poisoned dart.
Throw: 40 darts (poison)
Press: ? - help, Q - select action, (/) - cycle Shift-Dir - straight line You throw a poisoned dart.
Something hits you.
* * * LOW HITPOINT WARNING * * *
You take 4 damage, and have 10/40 hp.
Throw: 39 darts (poison)
Press: ? - help, Q - select action, (/) - cycle Shift-Dir - straight line You throw a poisoned dart.
You hear some strange, mumbled words.
A magic dart appears from out of thin air!
The magic dart hits you.
* * * LOW HITPOINT WARNING * * *
You take 4 damage, and have 6/40 hp.
You feel much better.
You hear some strange, mumbled words.
A magic dart appears from out of thin air!
The magic dart hits you.
You regained 13 hp, and now have 19/40 hp.
You closely miss something. Your peck misses something. Something hits you.
You take 4 damage, and have 15/40 hp.
Something blocks your attack.
Your kick misses something. Your peck misses something. Something hits you.
* * * LOW HITPOINT WARNING * * *
You take 3 damage, and have 12/40 hp.
Things that are here:
a +0 chain mail; a +0 dagger; an orc corpse
There is a stone staircase leading down here.
Unknown command.
You hear some strange, mumbled words.
A puff of flame appears from out of thin air!
The puff of flame hits you!
You die...

##..(...........#####............
....##########....[>(............
#...# #...####........###[ #...#
#...# #!.#....####. #...### #...#
#............ ......##### #...#
##.#....####[ #.........# #..{#
#.##.#.##.#< #.........####...#
#.##........ #...##.##.......@#
#.####..#...
#.#...###.####..######....†......
#.#(.............................
#..............##################
################


There were no monsters in sight!

Vanquished Creatures
  2 hounds
  A bullfrog skeleton (D:4)
  A centaur skeleton (D:5)
  A gnoll shaman (D:5)
  2 iguanas
  A hound zombie (D:5)
  4 adders
  6 gnolls (D:5)
  4 dart slugs
  9 orcs
  3 ball pythons
  4 bats
  11 endoplasms
  9 giant cockroaches
  15 goblins
  9 hobgoblins
  4 jackals (D:1)
  4 quokkas
  8 frilled lizards
  6 kobolds
  4 rats
108 creatures vanquished.

Vanquished Creatures (others)
  A fungus (D:2)
  2 plants (D:2)
3 creatures vanquished.

Grand Total: 111 creatures vanquished

Notes
Turn   | Place    | Note
-------+----------+-------------------------------------------
     0 | D:1      | gimp the Tengu Wanderer began the quest for the Orb.
     0 | D:1      | gimp set off with the following items: a +0 short sword, a
                  | +0 ring mail; and the following spell memorised: Slow; and
                  | the following spells available to memorise: Confusing
                  | Touch, Summon Guardian Golem
     0 | D:1      | Reached XP level 1. HP: 12/12 MP: 3/3
   149 | D:1      | Reached XP level 2. HP: 18/18 MP: 4/4
   161 | D:1      | Reached skill level 3 in Fighting
   355 | D:1      | Reached XP level 3. HP: 22/23 MP: 5/5
  1047 | D:2      | Found a faded altar of an unknown god.
  1061 | D:2      | Reached skill level 4 in Fighting
  1189 | D:2      | Reached XP level 4. HP: 21/29 MP: 6/6
  2695 | D:2      | Gained mutation: Your magical nature lets you fly swiftly
                  | and evasively. [Tengu growth]
  2695 | D:2      | Reached XP level 5. HP: 28/34 MP: 8/8
  3433 | D:4      | Reached skill level 1 in Dodging
  3850 | D:4      | Reached skill level 5 in Fighting
  4467 | D:5      | Entered Level 5 of the Dungeon
  4479 | D:5      | Reached XP level 6. HP: 30/40 MP: 10/10
  4554 | D:5      | Noticed a water moccasin
  4920 | D:5      | Reached skill level 1 in Throwing
  5321 | D:5      | Noticed a sky beast
  5321 | D:5      | a water moccasin changed into a sky beast
  5672 | D:4      | Killed from afar by an orc wizard

Illustrated notes

Levels and vault maps discovered:
D:1:      dpeg_arrival_rooms_with_view, layout_rooms
D:2:      layout_loops_cross, dreamdust_ecumenical_altar_grove
D:3:      kennysheep_the_goblin_king, layout_loops_ring
D:4:      layout_loops_ring
D:5:      layout_cave_pools, serial_gnoll_camp, gnoll_camp_medium_02,
          gnoll_camp_mini_house, gnoll_camp_medium_01, gnoll_camp_mini_hut

Skill      XL: |  1  2  3  4  5  6 |
---------------+-------------------+-----
Fighting       | 3 4 5 |  5.0
Dodging        | 1 2 |  2.2
Spellcasting   | 2 3 |  3.4
Throwing       | 2 |  2.3
Short Blades   | |  2.1
Armour         | |  2.1
Hexes          | |  2.1

Action                   |  1- 3 |  4- 6 || total
-------------------------+-------+-------++-------
Melee: Short sword       |   120 |   230 ||   350
       Kick              |    27 |    62 ||    89
       Peck              |    13 |    37 ||    50
       Punch             |     1 |     3 ||     4
Throw: Dart              |     5 |    59 ||    64
 Cast: Slow              |     1 |       ||     1
Evoke: Wand              |       |     5 ||     5
  Use: Potion            |     3 |     1 ||     4
       Scroll            |       |     2 ||     2
 Stab: Invisible         |     1 |       ||     1
Armor: Ring mail         |    49 |    49 ||    98
       Leather armour    |       |    17 ||    17
Dodge: Dodged            |    62 |   178 ||   240

Table legend: (Time is in decaauts)
 A = Elapsed time spent in this place.
 B = Non-inter-level travel time spent in this place.
 C = Inter-level travel time spent in this place.
 D = Time resting spent in this place.
 E = Time spent auto-exploring this place.
 F = Levels seen in this place.
 G = Mean time per level.
                   A        B        C        D        E       F      G
               +--------+--------+--------+--------+--------+-----+--------+
         Total |   5559 |   5403 |    156 |    749 |   3640 |   5 | 1111.8 |
       Dungeon |   5559 |   5403 |    156 |    749 |   3640 |   5 | 1111.8 |
               +--------+--------+--------+--------+--------+-----+--------+

Top non-repeatable levels by time:
     D:4: 1675 daAuts
     D:2: 1146 daAuts
     D:1: 1046 daAuts
     D:3: 1032 daAuts
     D:5: 657 daAuts
